 Dungeon Crawl Stone Soup version 0.23-a0-650-ga4d50d4 (webtiles) character file.

3 Amnesiac the Ducker (level 1, 0/9 HPs)
             Began as a Spriggan Transmuter on Jan 2, 2019.
             Succumbed to a goblin's poison
             ... on level 2 of the Dungeon.
             The game lasted 00:01:10 (131 turns).

Amnesiac the Ducker (Spriggan Transmuter)            Turns: 131, Time: 00:01:10

Health: 0/9        AC:  2    Str:  6    XL:     1   Next: 41%
Magic:  5/5        EV: 24    Int: 14    God:
Gold:   16         SH:  0    Dex: 21    Spells: 4/5 levels left

rFire    . . .     SeeInvis +     - Unarmed
rCold    . . .     Gourm    .   (shield restricted)
rNeg     . . .     Faith    .   b - +0 robe
rPois    .         Spirit   .   (helmet restricted)
rElec    .         Reflect  .   (no cloak)
rCorr    .         Harm     .   (gloves unavailable)
MR       .....                  (boots unavailable)
Stlth    +++.......             (no amulet)
HPRegen  0.03/turn              g - ring of wizardry
MPRegen  0.09/turn              (no ring)

@: agile, lethally poisoned (0 -> -3), very quick
A: very small, unfitting armour, see invisible, herbivore, speed 3, slow
metabolism 2
a: no special abilities


You were on level 2 of the Dungeon.
You were not hungry.

You visited 1 branch of the dungeon, and saw 2 of its levels.

You collected 16 gold pieces.

Inventory:

Missiles
 a - 12 arrows
Armour
 b - a +0 robe (worn)
Jewellery
 g - a ring of wizardry (left hand)
Scrolls
 c - a scroll of enchant armour {!r, unknown}
 e - a scroll of enchant weapon {!r, unknown}
Comestibles
 d - a ration


   Skills:
 + Level 0.8 Fighting
 + Level 3.1 Dodging
 - Level 2.4 Unarmed Combat
 + Level 2.7 Spellcasting
 * Level 2.9 Transmutations


You had 4 spell levels left.
You knew the following spells:

 Your Spells              Type           Power        Failure   Level  Hunger
a - Beastly Appendage     Tmut           ##....       2%          1    #......

Your spell library contained the following spells:

 Spells                   Type           Power        Failure   Level  Hunger
 Sticks to Snakes         Tmut           ##......     4%          2    ###....
 Spider Form              Tmut/Pois      #.........   16%         3    ###....
 Ice Form                 Ice/Tmut       #.......     43%         4    #####..
 Blade Hands              Tmut           ##........   56%         5    ######.


Dungeon Overview and Level Annotations

Branches:
Dungeon (2/15)

Altars:


Innate Abilities, Weirdness & Mutations

You are very small and have problems with some larger weapons.
You are too small for most types of armour.
You have supernaturally acute eyesight. (SInv)
You are a herbivore.
You cover ground extremely quickly.
You need to consume almost no food.


Message History

A kobold comes into view.
The kobold shouts!
There is a stone staircase leading down here.
A goblin comes into view. It is wielding a +0 dagger of venom.
Found 8 gold pieces.
You see here 8 gold pieces.
You now have 8 gold pieces.
Put on which piece of jewellery? (? for menu, Esc to quit)
g - a ring of wizardry (left hand)
Found 19 stones.
You see here 8 gold pieces.
You now have 16 gold pieces (gained 8).
You see here 19 stones.
The goblin shouts!
The goblin misses you. The goblin completely misses you.
Press: ? - help, v - describe, . - travel
Here: a goblin, wielding a +0 dagger of venom The floor.
Casting: Beastly Appendage (safe; 2% risk of failure)
Confirm with . or Enter, or press ? or * to list all spells.
You grow a pair of large bovine horns.
The kobold throws a stone.
The stone misses you.
You completely miss the goblin. The goblin barely misses you.
The kobold throws a stone.
The stone hits you but does no damage.
You hit the goblin but do no damage. The goblin closely misses you.
You hit the goblin but do no damage. The goblin hits you but does no damage.
The kobold throws a stone.
The stone misses you.
You barely miss the goblin. The goblin barely misses you.
You barely miss the goblin. The goblin hits you but does no damage.
You are lethally poisoned!
You feel sick.
Found 8 gold pieces.
You feel sick.
You feel sick.
Your transformation is almost over.
You feel sick.
You see here 2 stones.
There is a stone staircase leading down here.
The frilled lizard barely misses you.
You climb downwards. 3 jackals and a dart slug come into view.
* * * LOW HITPOINT WARNING * * *
You feel sick.
The jackal barks! x3
Found 10 gold pieces.
There is a stone staircase leading up here.
You open the door.
A hobgoblin comes into view. It is wielding a +0 club.
* * * LOW HITPOINT WARNING * * *
You feel sick. The hobgoblin closely misses you. The jackal closely misses you.
Your horns disappear.
* * * LOW HITPOINT WARNING * * *
You feel sick.
You open the door. The jackal misses you.
There is an open door here.
Really quaff
f - a fizzy coppery potion {!q}?
It was a potion of agility {!q}.
You feel agile all of a sudden. The jackal misses you.
* * * LOW HITPOINT WARNING * * *
You feel sick.
You die...

#.# ##'## ###
##...## ..#
#.....## ####.#
.......## ##.##.#
.......l####...#.#
.$......'g..h....#
.......w####...#.#
.......## ##.##@#
#.....## ####.#
##...## ... ##+##
#...# .....
##...#. ##.##. ...
#


There were no monsters in sight!

Vanquished Creatures
  A dart slug (D:1)
  A frilled lizard (D:1)
2 creatures vanquished.

Notes
Turn   | Place    | Note
-------+----------+-------------------------------------------
     0 | D:1      | Amnesiac the Spriggan Transmuter began the quest for the
                  | Orb.
     0 | D:1      | Reached XP level 1. HP: 9/9 MP: 5/5
   131 | D:2      | Succumbed to a goblin's poison

Vault maps used:
D:1:      psy_arrival_dodecagon
D:2:      minmay_inner_zag, nemelex_xobeh_ov_fountains_minmay, uniq_terence

Action                   || total
-------------------------++-------
Melee: Unarmed           ||    14
       Headbutt          ||     1
 Cast: Beastly Appendage ||     2
  Use: Potion            ||     1
Armor: Robe              ||     3
Dodge: Dodged            ||    18

Table legend:
 A = Non-vault XP
 B = Vault XP
 C = Vault XP percentage of total XP
 D = Non-vault monster count
 E = Vault monster count
 F = Vault count percentage of total count
                 A         B        C        D         E       F
            +---------+---------+-------+---------+---------+-------
      Total |       5 |       0 |   0.0 |       2 |       0 |   0.0
            +---------+---------+-------+---------+---------+-------
        D:1 |       5 |       0 |   0.0 |       2 |       0 |   0.0
            +---------+---------+-------+---------+---------+-------
